 Dungeon Crawl Stone Soup version 0.20-a0-1101-g1de9d76 (webtiles) character file.

722 Leszczynek the Ruffian (level 7, -2/50 HPs)
             Began as an Octopode Wanderer on May 4, 2017.
             Was a Priest of Cheibriados.
             Slain by a slave (5 damage)
             ... led by Pikel
             ... on level 4 of the Dungeon.
             The game lasted 00:18:16 (2982 turns).

Leszczynek the Ruffian (Octopode Wanderer)          Turns: 2982, Time: 00:18:17

Health: -2/50      AC:  1    Str: 18    XL:     7   Next: 71%
Magic:  14/16      EV: 14    Int: 22    God:    Cheibriados [***...]
Gold:   166        SH:  0    Dex: 19    Spells: 5/6 levels left

rFire    + . .     SeeInvis .   a - +3 mace
rCold    . . .     Gourm    .   (no shield)
rNeg     . . .     Faith    .   (helmet restricted)
rPois    .         Spirit   .   (no amulet)
rElec    .         Reflect  .   o - ring of magical power
rCorr    .         Harm     .   (no ring)
MR       .....                  (no ring)
Stlth    +++.......             (no ring)
Regen    0.2/turn               (no ring)
MPRegen  0.2/turn               (no ring)
                                (no ring)
                                (no ring)

@: very slow
A: almost no armour, stealthy swim, amphibious, 8 rings, constrict 8, camouflage
1, agile 1, fire resistance 1, mutation resistance 1, gelatinous body 1
a: Bend Time, Temporal Distortion, Renounce Religion


You were on level 4 of the Dungeon.
You worshipped Cheibriados.
Cheibriados was most pleased with you.
You were not hungry.

You visited 1 branch of the dungeon, and saw 4 of its levels.
You also visited: Sewer.

You collected 166 gold pieces.

Inventory:

Hand Weapons
 a - a +3 mace (weapon)
 b - a +0 hand axe
 k - a +1 short sword of holy wrath
Missiles
 f - a tomahawk (quivered)
Magical Staves
 v - an uncursed staff of earth {unknown}
Jewellery
 o - a ring of magical power (left tentacle)
Wands
 u - a wand of lightning (0/15)
Scrolls
 g - a scroll of random uselessness {unknown}
 h - 2 scrolls of identify {@r1}
 i - a scroll of remove curse {@r2}
 p - a scroll of enchant armour {unknown}
 r - a scroll of blinking {unknown}
Potions
 e - a potion of mutation {!q}
 j - a potion of magic
Books
 s - a book of Misfortune

   Spells                             Type                      Level
   a - Confusing Touch                Hexes                        1
   b - Confuse                        Hexes                        3
   c - Gell's Gravitas                Translocation                3
   d - Petrify                        Transmutation/Earth          4
   e - Metabolic Englaciation         Hexes/Ice                    5
   f - Yara's Violent Unravelling     Hexes/Transmutation          5
Comestibles
 c - a chunk of flesh
 d - 4 bread rations
 t - a royal jelly


   Skills:
 - Level 5.0 Fighting
 - Level 1.0(1.6) Axes
 - Level 2.0(2.1) Maces & Flails
 - Level 2.0 Dodging
 - Level 1.3 Stealth
 + Level 7.8 Unarmed Combat
 - Level 1.1 Evocations


You had 5 spell levels left.
You knew the following spells:

 Your Spells              Type           Power        Failure   Level  Hunger
a - Confusing Touch       Hex            #.....       17%         1    ##.....


Dungeon Overview and Level Annotations

Branches:
Dungeon (4/15)
 Temple: D:4-7

Altars:
Cheibriados

Annotations:
D:2 exclusion: gnoll
D:4 Pikel


Innate Abilities, Weirdness & Mutations

You cannot wear most types of armour.
You are very stealthy in the water. (Stealth+)
You are amphibious.
You can wear up to eight rings at the same time.
You can use your tentacles to constrict eight enemies at once.
Your skin changes colour to match your surroundings (Stealth+).
Your rubbery body absorbs attacks. (AC +1, EV +1)
You are agile. (Dex +2)
Your flesh is heat resistant. (rF+)
You are somewhat resistant to further mutation.


Message History

Unknown command.
Okay, then.
You fail to use your ability.
The slave hits you! The slave barely misses you.
Pikel hits you with a whip of freezing! Pikel freezes you.
Some of the chunks of flesh in your inventory have rotted away.
You sock Pikel! You grab Pikel. You squeeze Pikel, but do no damage.
Pikel is severely wounded.
You constrict Pikel, but do no damage.
You feel sick.
You are no longer poisoned.
The slave hits you.
* * * LOW HITPOINT WARNING * * *
The slave barely misses you. Pikel hits you with a whip of freezing.
* * * LOW HITPOINT WARNING * * *
Pikel freezes you.
* * * LOW HITPOINT WARNING * * *
Unknown command.
You hit Pikel but do no damage. You squeeze Pikel, but do no damage.
Pikel is severely wounded.
You constrict Pikel. The slave hits you.
You die...

#.. #.# ### ### #.# #..
..# #.## #.# ###.# #...
##### #.# #...# #...
.....##.###...# #...
.>......p...[.########...
......pK@....[..)..[.....
.....##.p##...##########.
... #..##...# #) .
#...##### #. #.#.#
######.
#.#.#########......
#....<.............
####รท#######.......
###..# #.......


You could see Pikel and 3 slaves.

Vanquished Creatures
  A slave (D:4)
  A bullfrog (Sewer)
  2 scorpions (D:4)
  3 hounds (D:4)
  2 orc priests (D:4)
  A bullfrog skeleton (D:4)
  A centaur skeleton (D:4)
  An orc wizard (D:4)
  Natasha (D:4)
  2 worker ants (D:4)
  A hound skeleton (D:4)
  Robin (D:4)
  8 adders
  4 gnolls (D:4)
  An ooze (D:3)
  An adder skeleton (D:4)
  A worm (D:2)
  A dart slug (D:2)
  4 leopard geckos
  9 orcs
  10 giant cockroaches
  7 hobgoblins
  3 quokkas
  2 ball pythons
  2 bats
  12 frilled lizards
  15 goblins
  12 kobolds
  7 rats
116 creatures vanquished.

Notes
Turn   | Place    | Note
-------+----------+-------------------------------------------
     0 | D:1      | Leszczynek the Octopode Wanderer began the quest for the Orb.
     0 | D:1      | Leszczynek set off with: a +2 mace, a +0 hand axe, a potion of curing {@q1}, a bread ration
     0 | D:1      | Reached XP level 1. HP: 18/18 MP: 1/1
     0 | D:1      | 12/15/9 (5/5/2)
   130 | D:1      | Reached skill level 1 in Dodging
   224 | D:1      | Reached XP level 2. HP: 23/24 MP: 2/2
   350 | D:1      | Reached skill level 2 in Dodging
   429 | D:1      | Reached skill level 1 in Unarmed Combat
   683 | D:2      | Reached XP level 3. HP: 22/29 MP: 3/3
   742 | D:2      | Upgraded the game from 0.20-a0-1089-g3fde505 to 0.20-a0-1101-g1de9d76
   763 | D:2      | Found a snail-covered altar of Cheibriados.
   785 | D:2      | Became a worshipper of Cheibriados the Contemplative
  1018 | D:2      | Reached skill level 2 in Unarmed Combat
  1234 | D:3      | Reached XP level 4. HP: 35/35 MP: 4/4
  1324 | D:3      | Found a glowing drain.
  1346 | Sewer    | Entered a sewer
  1363 | Sewer    | Reached skill level 3 in Unarmed Combat
  1378 | Sewer    | Reached * piety under Cheibriados
  1561 | Sewer    | Noticed a bullfrog
  1566 | Sewer    | Killed a bullfrog
  1566 | Sewer    | Reached skill level 4 in Unarmed Combat
  1566 | Sewer    | Reached XP level 5. HP: 19/39 MP: 5/5
  1643 | D:3      | Learned a level 1 spell: Confusing Touch
  1841 | D:3      | Reached ** piety under Cheibriados
  2027 | D:4      | Reached skill level 5 in Unarmed Combat
  2027 | D:4      | Reached XP level 6. HP: 45/45 MP: 6/6
  2125 | D:4      | Noticed Natasha
  2130 | D:4      | Killed Natasha
  2202 | D:4      | Reached skill level 6 in Unarmed Combat
  2273 | D:4      | Gained mutation: Your flesh is heat resistant. (rF+) [potion of mutation]
  2273 | D:4      | Gained mutation: You are agile. (Dex +2) [potion of mutation]
  2273 | D:4      | Gained mutation: You are somewhat resistant to further mutation. [potion of mutation]
  2398 | D:4      | Noticed Robin
  2467 | D:4      | Reached XP level 7. HP: 43/50 MP: 7/7
  2520 | D:4      | Reached skill level 7 in Unarmed Combat
  2602 | D:4      | Killed Robin
  2690 | D:4      | HP: 10/50 [hound (3)]
  2847 | D:4      | Noticed Pikel
  2868 | D:4      | Reached *** piety under Cheibriados
  2981 | D:4      | HP: 8/50 [slave[Pikel] (6)]
  2981 | D:4      | HP: 3/50 [Pikel/whip of freezing (1)]
  2982 | D:4      | Slain by a slave

Vault maps used:
D:1:      evilmike_arrival_run_for_it, kennysheep_boxes
D:2:      cheibriados_altar_1, hex_tiny
D:3:      cheibrodos_sewer_entry_drain
D:4:      grunt_temple_overflow_order_and_chaos_1, first_bread, uniq_robin,
          uniq_pikel, uniq_natasha
Sewer:    sewer_frog_island_01

Skill      XL: |  1  2  3  4  5  6  7 |
---------------+----------------------+-----
Dodging        | 1 2 |  2.0
Unarmed Combat | 1 2 4 5 6 7 |  7.8
Fighting       | |  5.0
Axes           | |  1.0
Maces & Flails | |  2.0
Stealth        | |  1.3
Evocations     | |  1.1

Action                   |  1- 3 |  4- 6 |  7- 9 || total
-------------------------+-------+-------+-------++-------
Melee: Mace              |    63 |   111 |    44 ||   218
       Constrict         |    14 |    34 |    14 ||    62
       Tentacles         |     5 |    28 |    14 ||    47
       Punch             |       |     3 |     3 ||     6
Throw: Stone             |    44 |       |       ||    44
       Tomahawk          |       |     3 |     2 ||     5
Invok: Bend Time         |       |     2 |     2 ||     4
Evoke: Wand              |       |     3 |     6 ||     9
  Use: Potion            |       |     5 |     3 ||     8
       Scroll            |       |     3 |     4 ||     7
 Stab: Sleeping          |     5 |     4 |       ||     9
       Distracted        |       |     1 |       ||     1
  Eat: Chunk             |     1 |     3 |     1 ||     5
Armor: Skin              |     2 |     7 |     4 ||    13
Dodge: Dodged            |    35 |    85 |    40 ||   160
